 Dungeon Crawl Stone Soup version 0.19.4-10-g532645f (webtiles) character file.

1421 Magnus the Skirmisher (level 8, -2/67 HPs)
             Began as a Demonspawn Abyssal Knight on Feb 24, 2017.
             Was an Elder of Lugonu.
             Killed by a spatial distortion (3 damage)
             ... on level 6 of the Dungeon.
             The game lasted 00:22:16 (9095 turns).

Magnus the Skirmisher (Demonspawn Abyssal Knight)   Turns: 9095, Time: 00:22:16

Health: -2/67      AC:  9    Str: 12    XL:     8   Next: 44%
Magic:  13/13      EV: 11    Int: 15    God:    Lugonu [****..]
Gold:   442        SH:  0    Dex: 14    Spells: 0 memorised, 7 levels left

rFire  . . .     SeeInvis +     s - +1 long sword
rCold  . . .     Gourm    .     b - +0 leather armour
rNeg   . . .     Faith    .     (no shield)
rPois  .         Spirit   .     r - +2 helmet {SInv}
rElec  .         Reflect  .     t - +2 cloak
rCorr  .         Harm     .     (no gloves)
MR     .....                    (boots unavailable)
Stlth  ++........               (no amulet)
                                (no ring)
                                (no ring)

@: no status effects
A: hooves 3, nightstalker 1
a: Depart the Abyss, Bend Space, Banish, Corrupt, Renounce Religion


You were on level 6 of the Dungeon.
You worshipped Lugonu.
Lugonu was greatly pleased with you.
You were not hungry.

You visited 1 branch of the dungeon, and saw 6 of its levels.
You visited the Abyss 1 time.

You collected 442 gold pieces.

Inventory:

Hand Weapons
 a - a +1 falchion
 s - a +1 long sword (weapon)
Armour
 b - a +0 leather armour (worn)
 r - a +2 helmet of see invisible (worn)
 t - a +2 cloak (worn)
 D - a +1 chain mail of fire resistance
Jewellery
 c - an uncursed ring of ice {unknown}
 k - an uncursed ring of protection from fire {unknown}
 v - a +4 ring of strength {unknown}
Wands
 w - a wand of digging (7/24)
Scrolls
 f - 6 scrolls of identify
 j - 2 scrolls of recharging
 m - 4 scrolls of amnesia
 y - a scroll of fear {unknown}
 B - 5 scrolls of teleportation {unknown}
 C - a scroll of remove curse
 F - a scroll of summoning {unknown}
Potions
 d - a potion of agility {unknown}
 e - 2 potions of mutation {unknown}
 i - 7 potions of curing
 l - 2 potions of degeneration {unknown}
 n - 3 potions of lignification {unknown}
 o - a potion of haste {unknown}
 p - a potion of resistance {unknown}
 q - 2 potions of might {unknown}
 x - a potion of invisibility {unknown}
 z - a potion of beneficial mutation {unknown}
Comestibles
 g - 4 beef jerkies
 h - 3 bread rations
 u - 2 meat rations
 A - 5 chunks of flesh
 E - a slice of pizza


   Skills:
 + Level 7.2 Fighting
 + Level 6.1 Long Blades
 - Level 1.7 Armour
 - Level 0.8 Dodging
 + Level 6.9 Invocations


You had 7 spell levels left.
You didn't know any spells.

Dungeon Overview and Level Annotations

Branches:
Dungeon (6/15)
 Temple: D:4-7

Altars:
Ashenzari
Fedhas
Makhleb
Nemelex Xobeh
Yredelemnul

Shops:
D:4 (


Innate Abilities, Weirdness & Mutations

You have hooves in place of feet.
You are slightly more attuned to the shadows.


Message History

You are too injured to fight recklessly!
You are too injured to fight recklessly!
You barely miss the ice beast. Your kick misses the ice beast.
The ice beast is almost dead.
The ice beast misses you.
You riposte.
You hit the ice beast. Your kick misses the ice beast.
The ice beast is almost dead.
You closely miss the ice beast.
The ice beast is almost dead.
The ice beast hits you but does no damage.
You hit the ice beast but do no damage.
You kick the ice beast, but do no damage.
The ice beast is almost dead.
The ice beast completely misses you. The ice beast hits you.
* * * LOW HITPOINT WARNING * * *
The ice beast freezes you!
* * * LOW HITPOINT WARNING * * *
You don't know any spells.
Space bends sharply around you!
You blink.
You die...

#.......# #... ..##....)..#
#.##.##.# #### ####.##.##.#
#.##.##.######### #..)....#
#.#.......#.....# #.(#.##.###
#.....#.#.#.....## #..#.##....
#.....#.#.#<.....# #..........
#.......#.#..Y§..####.#.##....
#......##.#.....%...#.#.##.###
#......##.###@##.##.#. ....
###.......# #.##.##.###.###
###...### #...........#
#.....# #.####..###.#
#.....####.####.......
#....................#
##...#####.####.#.#### ###
##### #.# #.#.# ... #.. ..#.#
###


You could see an ice beast.

Vanquished Creatures
  Menkaure (D:5)
  A phantom (D:6)
  2 ogres
  A centaur (D:6)
  A bullfrog (D:6)
  A scorpion (D:3)
  2 howler monkeys (D:4)
  A crimson imp (D:6)
  A bullfrog zombie (D:5)
  A hound (D:5)
  5 orc wizards
  2 iguanas
  3 worker ants
  A killer bee zombie (D:6)
  A hound zombie (D:3)
  A worker ant zombie (D:5)
  Robin (D:2)
  4 gnolls
  9 adders
  A shadow imp (D:6)
  An ooze (D:2)
  6 worms
  4 leopard geckos
  13 orcs
  6 giant cockroaches
  12 goblins
  8 hobgoblins
  17 jackals
  12 kobolds
  2 quokkas
  A ball python (D:2)
  9 bats
  8 frilled lizards
  2 jackal skeletons (D:5)
  A quokka skeleton (D:5)
  A quokka zombie (D:3)
  7 rats
  A bush (D:2)
  A plant (D:2)
152 creatures vanquished.

Vanquished Creatures (others)
  A vampire (D:6)
1 creature vanquished.

Grand Total: 153 creatures vanquished

Notes
Turn   | Place    | Note
-------+----------+-------------------------------------------
     0 | Abyss:1  | Magnus the Demonspawn Abyssal Knight began the quest for the Orb.
     0 | Abyss:1  | Reached XP level 1. HP: 18/18 MP: 2/2
     9 | D:1      | Escaped the Abyss
   480 | D:1      | Gained mutation: You have large cloven feet. [demonic ancestry]
   480 | D:1      | Reached XP level 2. HP: 22/24 MP: 4/4
   997 | D:2      | Found a faded altar of an unknown god.
   997 | D:2      | Found a blossoming altar of Fedhas.
  1002 | D:2      | Found a shattered altar of Ashenzari.
  1004 | D:2      | Found a basalt altar of Yredelemnul.
  1006 | D:2      | Found a faded altar of an unknown god.
  1271 | D:2      | Reached ** piety under Lugonu
  1277 | D:2      | Reached XP level 3. HP: 30/30 MP: 5/5
  2022 | D:2      | Noticed Robin
  2028 | D:2      | Killed Robin
  2028 | D:2      | Reached skill level 4 in Fighting
  2031 | D:2      | Reached XP level 4. HP: 19/37 MP: 6/6
  3984 | D:3      | Found a sparkling altar of Nemelex Xobeh.
  4301 | D:3      | Gained mutation: You have hoof-like feet. [demonic ancestry]
  4301 | D:3      | Reached XP level 5. HP: 41/43 MP: 7/7
  4316 | D:3      | Reached *** piety under Lugonu
  4404 | D:3      | Found a sparkling altar of Nemelex Xobeh.
  4471 | D:3      | Found a burning altar of Makhleb.
  4638 | D:4      | Found Ecwoghir's Antique Weapon Emporium.
  5188 | D:3      | Reached skill level 5 in Fighting
  5649 | D:3      | Gained mutation: You have hooves in place of feet. [demonic ancestry]
  5649 | D:3      | Reached XP level 6. HP: 32/51 MP: 8/8
  6322 | D:4      | HP: 2/52 [orc wizard/puff of frost (2)]
  6624 | D:4      | Reached skill level 6 in Fighting
  6624 | D:4      | Gained mutation: You are slightly more attuned to the shadows. [demonic ancestry]
  6624 | D:4      | Reached XP level 7. HP: 57/58 MP: 10/10
  6826 | D:5      | Entered Level 5 of the Dungeon
  6826 | D:5      | Noticed Menkaure
  7043 | D:5      | Reached skill level 5 in Long Blades
  7817 | D:5      | Reached skill level 5 in Invocations
  7862 | D:5      | Reached **** piety under Lugonu
  8157 | D:5      | Killed Menkaure
  8432 | D:6      | Reached XP level 8. HP: 58/65 MP: 12/12
  8623 | D:6      | Reached skill level 7 in Fighting
  9094 | D:6      | HP: 1/67 [ice beast (8)]
  9095 | D:6      | Killed by a spatial distortion

Skill      XL: |  1  2  3  4  5  6  7  8 |
---------------+-------------------------+-----
Invocations    | 3 4 5 6 |  6.9
Long Blades    | 2 3 4 5 6 |  6.1
Fighting       | 4 5 6 7 |  7.2
Armour         | |  1.7
Dodging        | |  0.8

Action                   |  1- 3 |  4- 6 |  7- 9 || total
-------------------------+-------+-------+-------++-------
Melee: Falchion          |    92 |   303 |       ||   395
       Kick              |    15 |   140 |    47 ||   202
       Long sword        |       |   126 |   166 ||   292
Invok: Bend Space        |       |     6 |       ||     6
       Banish            |       |       |     1 ||     1
  Use: Scroll            |     1 |     7 |       ||     8
       Potion            |       |     1 |       ||     1
 Stab: Sleeping          |       |       |     1 ||     1
  Eat: Chunk             |     3 |    10 |    10 ||    23
       Bread ration      |       |     1 |       ||     1
Armor: Leather armour    |    25 |   146 |    57 ||   228
Dodge: Dodged            |    54 |   216 |   103 ||   373
       Rpst.: Falchion   |    20 |    38 |       ||    58
       Long sword        |       |    28 |    27 ||    55
